 Dungeon Crawl Stone Soup version 0.17.0-24-gcfadda4 (console) character file.

2665 Kloppie the Cleaver (level 9, -2/84 HPs)
             Began as a Hill Orc Fighter on Nov 18, 2015.
             Slain by Kloppie's ghost (13 damage)
             ... on level 7 of the Dungeon.
             The game lasted 00:12:18 (6273 turns).

Kloppie the Cleaver (Hill Orc Fighter)              Turns: 6273, Time: 00:12:18

Health: -2/84      AC: 15    Str: 28    XL:     9   Next: 63%
Magic:  9/9        EV:  6    Int:  8    God:
Gold:   402        SH: 10    Dex: 13    Spells: 0 memorised, 8 levels left

rFire  . . .     SeeInvis .     a - +1 war axe
rCold  . . .     Clarity  .     s - +0 chain mail
rNeg   . . .     SustAt   .     c - +0 shield
rPois  .         Gourm    .     (no helmet)
rElec  .         Spirit   .     z - +1 cloak
rCorr  +         Warding  .     (no gloves)
rMut   .         Stasis   .     t - +0 pair of boots
MR     .....                    b - amulet of resist corrosion
Stlth  ..........               (no ring)
                                g - +4 ring of strength

@: mighty, hasted, very quick, not resistant to hostile enchantments, extremely
unstealthy
A: no striking features
a: no special abilities


You were on level 7 of the Dungeon.
You were not hungry.

You visited 2 branches of the dungeon, and saw 8 of its levels.

You collected 402 gold pieces.

Inventory:

Hand Weapons
 a - a +1 war axe (weapon)
Missiles
 h - 54 poisoned needles
 n - 2 needles of slowing
Armour
 c - a +0 shield (worn)
 s - a +0 chain mail (worn)
 t - a +0 pair of boots (worn)
 z - a +1 cloak (worn)
Jewellery
 b - an amulet of resist corrosion (around neck)
 g - a +4 ring of strength (left hand)
Wands
 f - a wand of digging (8)
 r - a wand of fireball (11)
 D - a wand of slowing (20)
Scrolls
 i - 2 scrolls of teleportation
 l - 2 scrolls of identify
 m - 2 scrolls of noise
 p - a scroll of enchant armour
 u - 2 scrolls of recharging
 y - 2 scrolls of remove curse
Potions
 o - a potion of resistance
 q - a potion of magic
 v - 2 potions of poison
 E - a potion of cancellation {unknown}
 F - 3 potions of curing {unknown}
 G - a potion of flight {unknown}
 I - a potion of lignification {unknown}
Books
 H - a book of Maledictions

   Spells                             Type                      Level
   a - Corona                         Hexes                        1
   b - Ensorcelled Hibernation        Hexes/Ice                    2
   c - Confuse                        Hexes                        3
   d - Tukima's Dance                 Hexes                        3
   e - Dazzling Spray                 Conjuration/Hexes            3
Comestibles
 e - 4 bread rations
 k - 5 meat rations
 w - 3 chunks of flesh
 x - a beef jerky
 C - a royal jelly


   Skills:
 + Level 9.5 Fighting
 + Level 9.9 Axes
 + Level 8.9 Armour
 - Level 3.2 Shields


You had 8 spell levels left.
You didn't know any spells.

Dungeon Overview and Level Annotations

Branches:
Dungeon (7/15)             Temple (1/1) D:6

Altars:
Ashenzari
Cheibriados
Elyvilon
Fedhas
Gozag
Okawaru
Ru
Trog
Yredelemnul
Zin

Annotations:
D:7 Kloppie's ghost, novice HOFi


Message History

You hit Kloppie's ghost but do no damage.
Kloppie's ghost is moderately damaged.
You hit the hippogriff.
You kill the hippogriff!
You block Kloppie's ghost's attack.
You hit Kloppie's ghost but do no damage.
Kloppie's ghost is moderately damaged.
Kloppie's ghost hits you but does no damage.
You hit Kloppie's ghost.
Kloppie's ghost is moderately damaged.
Kloppie's ghost hits you but does no damage.
You hit Kloppie's ghost.
Kloppie's ghost is heavily damaged.
Kloppie's ghost hits you.
* * * LOW HITPOINT WARNING * * *
Kloppie's ghost burns you.
* * * LOW HITPOINT WARNING * * *
Drink which item? (? for menu, Esc to quit)
You feel yourself speed up. Kloppie's ghost hits you!
You die...

# ##...####..
### ##...## ###
##.####...##
##...##...##
##.......###
##.......## #
##........## #
##..........# #
###
#..../@....##
## ..###
#.....W.....#
#### #. ....##
#...........#
#..### ##
....>###
#..........##
##....####
..<....#
#..........#
##.....##..
....##..
..........##
#.......)..
.....#
...........#
#..........
.....#
#.##......##
##....)...##
......# #.#
####..........#


You could see Kloppie's ghost.

Vanquished Creatures
  The ghost of trantor the Magician, a novice DEWz of Vehumet (D:5)
  A hippogriff (D:7)
  A water moccasin (D:7)
  Duvessa (D:6)
  A black bear (D:6)
  2 sky beasts
  A phantom (D:4)
  An ice beast (D:5)
  A centaur (D:7)
  A giant frog (D:6)
  Dowan (D:6)
  5 wights (D:6)
  6 crimson imps
  4 orc wizards
  An orc priest (D:5)
  3 jellies
  An iguana (D:4)
  A hound (D:6)
  A centaur zombie (D:5)
  2 giant frog skeletons (D:5)
  3 worker ants
  2 hound skeletons
  Robin (D:4)
  15 adders
  A gnoll (D:1)
  3 shadow imps
  An ooze (D:3)
  An adder skeleton (D:6)
  3 worms
  4 giant geckos
  23 orcs
  5 giant cockroaches
  12 hobgoblins
  2 kobolds
  2 quokkas
  A ball python (D:4)
  13 bats
  A giant gecko skeleton (D:5)
  5 giant newts
  13 goblins
  2 jackals (D:5)
  A jackal skeleton (D:6)
  9 rats
159 creatures vanquished.

Notes
Turn   | Place    | Note
--------------------------------------------------------------
     0 | D:1      | Kloppie the Hill Orc Fighter began the quest for the Orb.
     0 | D:1      | Reached XP level 1. HP: 19/19 MP: 1/1
    63 | D:1      | Reached XP level 2. HP: 24/27 MP: 2/2
   109 | D:1      | Reached skill level 4 in Fighting
   310 | D:1      | Reached XP level 3. HP: 33/33 MP: 3/3
   791 | D:2      | You fall through a shaft!
  1150 | D:3      | Reached XP level 4. HP: 40/40 MP: 4/4
  1274 | D:3      | Found a white marble altar of Elyvilon.
  2081 | D:4      | Reached XP level 5. HP: 32/47 MP: 5/5
  2247 | D:4      | Reached skill level 5 in Fighting
  2247 | D:4      | Reached skill level 5 in Axes
  2479 | D:4      | Noticed a phantom
  2724 | D:2      | Reached XP level 6. HP: 47/56 MP: 6/6
  3589 | D:4      | Noticed Robin
  3614 | D:4      | Killed Robin
  3798 | D:4      | Killed a phantom
  3798 | D:4      | Reached skill level 6 in Axes
  3798 | D:4      | Reached skill level 5 in Armour
  4028 | D:5      | Entered Level 5 of the Dungeon
  4034 | D:5      | Noticed trantor's ghost (novice DEWz)
  4089 | D:5      | Found a basalt altar of Yredelemnul.
  4133 | D:5      | Reached XP level 7. HP: 58/63 MP: 7/7
  4422 | D:5      | You fall through a shaft!
  4460 | D:5      | Reached skill level 7 in Axes
  4551 | D:5      | Reached XP level 8. HP: 70/73 MP: 8/8
  4584 | D:5      | Killed trantor's ghost
  4584 | D:5      | Reached skill level 8 in Axes
  4890 | D:6      | Reached XP level 9. HP: 71/82 MP: 9/9
  5124 | D:6      | Reached skill level 9 in Axes
  5182 | D:6      | Noticed Duvessa
  5184 | D:6      | Noticed Dowan
  5195 | D:6      | Killed Duvessa
  5201 | D:6      | Killed Dowan
  5415 | D:6      | Found a staircase to the Ecumenical Temple.
  5444 | Temple   | Entered the Ecumenical Temple
  6255 | D:7      | Noticed Kloppie's ghost (novice HOFi)
  6273 | D:7      | Slain by Kloppie's ghost

Action                   |  1- 3 |  4- 6 |  7- 9 || total
-------------------------+-------+-------+-------++-------
Melee: War axe           |   104 |   260 |   332 ||   696
Evoke: Wand              |       |     3 |     1 ||     4
  Use: Potion            |       |       |     3 ||     3
       Scroll            |       |       |    15 ||    15
  Eat: Chunk             |     1 |     9 |     4 ||    14
       Pizza             |       |     1 |       ||     1
       Bread ration      |       |       |     1 ||     1
